 Dungeon Crawl Stone Soup version 0.19.0-24-gb05acd6 (webtiles) character file.

5049 RussianFaggotGlassGo the Transmogrifier (level 10, -2/58 HPs)
             Began as an Octopode Transmuter on Nov 22, 2016.
             Was an Elder of Cheibriados.
             Killed by divine providence
             ... invoked by an orc priest
              (14 damage)
             ... on level 8 of the Dungeon.
             The game lasted 02:34:21 (12658 turns).

RussianFaggotGlassGo the Transmogrifier (OpTm)     Turns: 12658, Time: 02:34:21

Health: -2/58      AC: 10    Str: 22    XL:     10   Next: 56%
Magic:  13/14      EV: 29    Int: 27    God:    Cheibriados [****..]
Gold:   463        SH:  0    Dex: 27    Spells: 4 memorised, 1 level left

rFire  . . .     SeeInvis .       - Unarmed
rCold  . . .     Gourm    .     (shield currently unavailable)
rNeg   . . .     Faith    .     (helmet currently unavailable)
rPois  x         Spirit   .     (no amulet)
rElec  .         Reflect  .     y - ring of flight
rCorr  .         Harm     .     F - +3 ring of protection
MR     .....                    Q - +5 ring of protection
Stlth  ++........               (no ring)
                                (no ring)
                                (no ring)
                                (no ring)
                                (no ring)

@: spider-form, very slow
A: almost no armour, stealthy swim, (amphibious), 8 rings, (constrict 8),
(camouflage 0), (gelatinous body 0)
a: End Transformation, Bend Time, Temporal Distortion, Slouch, Renounce
Religion, Evoke Flight


You were on level 8 of the Dungeon.
You worshipped Cheibriados.
Cheibriados was greatly pleased with you.
You were very hungry.
You were a venomous arachnid creature.
You visited 2 branches of the dungeon, and saw 9 of its levels.

You collected 463 gold pieces.

Inventory:

Hand Weapons
 d - a +0 mace
 N - a +2 whip of freezing
Missiles
 a - 86 arrows
 e - 6 needles of sleeping
 i - 6 needles of confusion
 q - 5 large rocks (quivered)
 K - 3 poisoned tomahawks
Armour
 u - a +0 buckler
Magical Staves
 V - an uncursed staff of power
Jewellery
 y - a ring of flight (left front leg)
 F - a +3 ring of protection (right front leg)
 Q - a +5 ring of protection (on tentacle)
Wands
 m - a wand of iceblast (9/15)
 I - a wand of iceblast (3/15)
 W - a wand of disintegration (9/24)
Scrolls
 f - 3 scrolls of enchant armour {unknown}
 g - 4 scrolls of noise
 h - 4 scrolls of remove curse
 j - 4 scrolls of recharging {unknown}
 o - 4 scrolls of teleportation {unknown}
 x - 4 scrolls of amnesia
 z - 2 scrolls of random uselessness {unknown}
 C - a scroll of magic mapping {unknown}
 L - a scroll of enchant weapon {unknown}
 O - 2 scrolls of fear {unknown}
 Y - a scroll of vulnerability {unknown}
 Z - a scroll of identify
Potions
 k - a potion of cancellation
 n - a potion of might
 p - 3 potions of curing
 r - a potion of magic
 s - a potion of flight
 t - a potion of ambrosia
 w - a potion of haste
 A - a potion of berserk rage
 G - a potion of cure mutation
 H - a potion of mutation {unknown}
 J - 6 potions of heal wounds
 M - 2 potions of agility
 T - a potion of invisibility {unknown}
 U - a potion of brilliance {unknown}
Books
 b - a book of Changes

   Spells                             Type                      Level
   a - Beastly Appendage              Transmutation                1
   b - Sticks to Snakes               Transmutation                2
   c - Spider Form                    Transmutation/Poison         3
   d - Ice Form                       Ice/Transmutation            4
   e - Blade Hands                    Transmutation                5
 D - a book of Flames

   Spells                             Type                      Level
   a - Flame Tongue                   Conjuration/Fire             1
   b - Throw Flame                    Conjuration/Fire             2
   c - Conjure Flame                  Conjuration/Fire             3
   d - Inner Flame                    Hexes/Fire                   3
   e - Sticky Flame                   Conjuration/Fire             4
   f - Fireball                       Conjuration/Fire             5
 E - a book of Conjurations

   Spells                             Type                      Level
   a - Magic Dart                     Conjuration                  1
   b - Searing Ray                    Conjuration                  2
   c - Dazzling Spray                 Conjuration/Hexes            3
   d - Fulminant Prism                Conjuration/Hexes            4
   e - Iskenderun's Mystic Blast      Conjuration                  4
   f - Iskenderun's Battlesphere      Conjuration/Charms           5
 P - a book of Cantrips

   Spells                             Type                      Level
   a - Confusing Touch                Hexes                        1
   b - Animate Skeleton               Necromancy                   1
   c - Summon Small Mammal            Summoning                    1
   d - Apportation                    Translocation                1
 R - a book of Cantrips

   Spells                             Type                      Level
   a - Confusing Touch                Hexes                        1
   b - Animate Skeleton               Necromancy                   1
   c - Summon Small Mammal            Summoning                    1
   d - Apportation                    Translocation                1
 S - a book of Changes

   Spells                             Type                      Level
   a - Beastly Appendage              Transmutation                1
   b - Sticks to Snakes               Transmutation                2
   c - Spider Form                    Transmutation/Poison         3
   d - Ice Form                       Ice/Transmutation            4
   e - Blade Hands                    Transmutation                5
Comestibles
 c - 5 bread rations
 l - 4 meat rations
 v - 2 beef jerkies
 B - 4 slices of pizza
 X - a royal jelly


   Skills:
 - Level 1.0 Fighting
 * Level 7.0 Dodging
 - Level 6.4 Unarmed Combat
 - Level 3.0 Spellcasting
 - Level 10.1 Transmutations
 - Level 6.0 Ice Magic
 - Level 4.1 Poison Magic


You had one spell level left.
You knew the following spells:

 Your Spells              Type           Power        Failure   Level  Hunger
a - Blade Hands           Tmut           ######....   14%         5    ######.
b - Sticks to Snakes      Tmut           ######..     2%          2    #......
c - Spider Form           Tmut/Pois      #####.....   6%          3    ###....
d - Ice Form              Ice/Tmut       #####...     12%         4    ####...


Dungeon Overview and Level Annotations

Branches:
Dungeon (8/15)             Temple (1/1) D:7            Lair (0/6) D:8

Altars:
Ashenzari
Cheibriados
Dithmenos
Elyvilon
Fedhas
Gozag
Hepliaklqana
Kikubaaqudgha
Makhleb
Nemelex Xobeh
Okawaru
Qazlal
Ru
Sif Muna
Trog
Uskayaw
Vehumet
Xom
Yredelemnul
Zin
The Shining One


Innate Abilities, Weirdness & Mutations

You cannot wear most types of armour.
You are very stealthy in the water. (Stealth+)
((You are amphibious.))
You can wear up to eight rings at the same time.
((You can use your tentacles to constrict eight enemies at once.))
((Your skin changes colour to match your surroundings (Stealth+).))
((Your rubbery body absorbs attacks. (AC +1, EV +1)))


Message History

a dagger; a robe; a fuming dark potion; an orc corpse You hit the orc priest.
The orc priest is moderately wounded.
The orc priest completely misses you.
You barely miss the orc priest.
The orc priest is moderately wounded.
The orc priest closely misses you.
You barely miss the orc priest.
The orc priest is moderately wounded.
The orc priest invokes the aid of Beogh against you.
You struggle to resist.
You hit the orc priest.
The orc priest is poisoned.
The orc priest is severely wounded.
The orc priest barely misses you.
You hit the orc priest but do no damage.
The orc priest looks as sick as possible!
The orc priest is severely wounded.
The orc priest mumbles some strange prayers to Beogh against you.
Beogh smites you!
You die...

..##.......# ##.#####.#####.
..##..####># #..............
..##..####.### #..##.########.
.............# #..##.# ######.
####..##.....######.=##.#
#...##. #.................##.#
#...)..
##.##.....#######.##.###...##.
#.###....#######.............
..# ##.....os)...........####
### ###.################# #
#.. # ###. # ############ #.#
##........... #.#
#.###.######. #.# . #.#
#..#####. #.# .##
#.###........


You could see an orc priest.

Vanquished Creatures
  Pikel (D:6)
  A two-headed ogre (D:8)
  Prince Ribbit (D:5)
  The ghost of dscm the Digger, an amateur OpEE of Cheibriados (D:4)
  A wyvern (D:8)
  Edmund (D:5)
  An orc warrior (D:8)
  6 ogres
  3 centaurs (D:7)
  4 phantoms
  7 bullfrogs
  2 gnoll sergeants
  2 scorpions
  5 killer bees (D:8)
  4 wights (D:7)
  4 howler monkeys
  6 crimson imps
  A bullfrog zombie (D:6)
  2 centaur zombies
  4 orc priests
  2 quasits
  3 hounds
  A bullfrog skeleton (D:6)
  A jelly (D:7)
  Crazy Yiuf (D:2)
  7 orc wizards
  A centaur skeleton (D:4)
  An iron imp (D:4)
  Jessica (D:2)
  An iguana (D:7)
  6 worker ants
  A hound skeleton (D:7)
  13 gnolls
  8 adders
  2 shadow imps
  3 oozes
  3 worms
  5 leopard geckos
  13 orcs
  3 ball pythons
  6 bats
  9 giant cockroaches
  3 goblins
  5 hobgoblins
  12 jackals
  6 quokkas
  4 frilled lizards
  7 kobolds
  A leopard gecko skeleton (D:6)
  A quokka skeleton (D:6)
  6 rats
193 creatures vanquished.

Vanquished Creatures (collateral kills)
  A jackal (D:2)
1 creature vanquished.

Vanquished Creatures (others)
  A howler monkey zombie (D:6)
1 creature vanquished.

Grand Total: 195 creatures vanquished

Notes
Turn   | Place    | Note
-------+----------+-------------------------------------------
     0 | D:1      | RussianFaggotGlassGo the Octopode Transmuter began the quest for the Orb.
     0 | D:1      | Reached XP level 1. HP: 13/13 MP: 3/3
   192 | D:1      | Reached XP level 2. HP: 17/18 MP: 3/5
   421 | D:1      | Learned a level 2 spell: Sticks to Snakes
   768 | D:1      | Reached XP level 3. HP: 23/23 MP: 4/6
  1212 | D:1      | Learned a level 3 spell: Spider Form
  1366 | D:2      | Noticed Jessica
  1379 | D:2      | Killed Jessica
  1379 | D:2      | Reached XP level 4. HP: 24/28 MP: 2/7
  2065 | D:2      | Found a sparkling altar of Nemelex Xobeh.
  2530 | D:2      | Found a runed door.
  2534 | D:2      | Noticed Crazy Yiuf
  2631 | D:2      | Killed Crazy Yiuf
  2631 | D:2      | Reached XP level 5. HP: 31/33 MP: 1/8
  3112 | D:3      | Found a shadowy altar of Dithmenos.
  3114 | D:3      | Found a glowing golden altar of the Shining One.
  4246 | D:4      | Reached skill level 5 in Unarmed Combat
  4246 | D:4      | Reached XP level 6. HP: 23/38 MP: 9/9
  4367 | D:4      | Found a snail-covered altar of Cheibriados.
  4373 | D:4      | Became a worshipper of Cheibriados the Contemplative
  4751 | D:4      | Noticed a phantom
  4894 | D:4      | Noticed a phantom
  4901 | D:4      | Noticed a phantom
  4922 | D:4      | Killed a phantom
  4939 | D:4      | Killed a phantom
  4939 | D:4      | Reached XP level 7. HP: 10/43 MP: 8/10
  5198 | D:4      | Reached skill level 3 in Transmutations
  5310 | D:4      | Found a shimmering altar of Xom.
  5349 | D:4      | Noticed dscm's ghost (amateur OpEE)
  5728 | D:5      | Entered Level 5 of the Dungeon
  5916 | D:5      | Noticed Prince Ribbit
  6067 | D:5      | Noticed Edmund
  6086 | D:5      | Killed Edmund
  6086 | D:5      | Reached * piety under Cheibriados
  6086 | D:5      | Reached skill level 4 in Transmutations
  6399 | D:5      | Reached skill level 5 in Transmutations
  6472 | D:5      | Learned a level 4 spell: Ice Form
  6511 | D:5      | Reached skill level 1 in Ice Magic
  6518 | D:5      | Killed Prince Ribbit
  6518 | D:5      | Reached XP level 8. HP: 32/48 MP: 7/11
  7654 | D:6      | Found a shimmering altar of Xom.
  7682 | D:6      | Noticed Pikel
  7899 | D:6      | Found a glowing silver altar of Zin.
  7908 | D:6      | Reached skill level 5 in Ice Magic
  8090 | D:6      | Reached ** piety under Cheibriados
  8851 | D:6      | Reached skill level 6 in Transmutations
  9234 | D:6      | Killed Pikel
  9234 | D:6      | Reached skill level 7 in Transmutations
  9234 | D:6      | Reached XP level 9. HP: 32/53 MP: 9/12
  9275 | D:6      | Reached skill level 8 in Transmutations
  9902 | D:4      | Killed dscm's ghost
 10298 | D:4      | Found a blossoming altar of Fedhas.
 10309 | D:4      | Found a deep blue altar of Sif Muna.
 10507 | D:7      | Reached skill level 5 in Dodging
 10732 | D:7      | Reached *** piety under Cheibriados
 10956 | D:7      | Reached XP level 10. HP: 49/58 MP: 13/13
 11021 | D:7      | Found an opulent altar of Gozag.
 11078 | D:7      | Found a staircase to the Ecumenical Temple.
 11215 | D:7      | Reached skill level 9 in Transmutations
 11394 | Temple   | Entered the Ecumenical Temple
 11680 | D:8      | Reached skill level 10 in Transmutations
 11814 | D:8      | Reached **** piety under Cheibriados
 11929 | D:8      | Learned a level 5 spell: Blade Hands
 12010 | D:8      | Found a staircase to the Lair.
 12658 | D:8      | Killed from afar by an orc priest

Skill      XL: |  1  2  3  4  5  6  7  8  9 10 |
---------------+-------------------------------+-----
Unarmed Combat | 4 5 6 |  6.4
Poison Magic   | 2 3 4 |  4.1
Transmutations | 5 7 8 10 | 10.1
Ice Magic      | 3 6 |  6.0
Dodging        | 6 7 |  7.0
Spellcasting   | 3 |  3.0
Fighting       | |  1.0

Action                   |  1- 3 |  4- 6 |  7- 9 | 10-12 || total
-------------------------+-------+-------+-------+-------++-------
Melee: Unarmed           |    65 |   146 |   287 |   134 ||   632
       Tentacles         |    11 |    21 |    42 |    30 ||   104
       Kick              |     5 |     5 |       |       ||    10
       Constrict         |    12 |    25 |    38 |    24 ||    99
       Punch             |       |     6 |     8 |     6 ||    20
Throw: Stone             |     4 |     1 |       |       ||     5
 Cast: Beastly Appendage |     3 |     4 |     1 |       ||     8
       Sticks to Snakes  |     2 |    11 |    12 |     1 ||    26
       Spider Form       |       |     2 |    12 |     5 ||    19
       Ice Form          |       |       |     3 |     1 ||     4
Invok: Bend Time         |       |       |     1 |       ||     1
 Abil: End Transformatio |       |     1 |     1 |       ||     2
  Use: Scroll            |       |     2 |     9 |     4 ||    15
       Potion            |       |       |     2 |       ||     2
 Stab: Distracted        |       |     1 |       |     2 ||     3
       Sleeping          |       |     1 |     4 |     3 ||     8
  Eat: Chunk             |       |    14 |    15 |     2 ||    31
Armor: Skin              |     3 |     5 |    45 |     5 ||    58
Dodge: Dodged            |    45 |    81 |   209 |   107 ||   442
